 Dungeon Crawl Stone Soup version 0.20.0-10-g0535bb4 (webtiles) character file.

1425 MTVSty1e the Cleaver (level 8, -2/67 HPs)
             Began as a Pale Draconian Gladiator on June 7, 2017.
             Was a Follower of Cheibriados.
             Slain by an unseen horror (11 damage)
             ... on level 6 of the Dungeon.
             The game lasted 00:11:07 (5688 turns).

MTVSty1e the Cleaver (Pale Draconian Gladiator)     Turns: 5688, Time: 00:11:07

Health: -2/67      AC:  8    Str: 26    XL:     8   Next: 44%
Magic:  8/8        EV: 13    Int: 13    God:    Cheibriados [*.....]
Gold:   207        SH:  5    Dex: 14    Spells: 7/7 levels left

rFire    . . .     SeeInvis .   w - +1 battleaxe
rCold    . . .     Gourm    .   (shield currently unavailable)
rNeg     . . .     Faith    .   (armour unavailable)
rPois    .         Spirit   .   b - +0 hat
rElec    .         Reflect  +   (no cloak)
rCorr    .         Harm     .   (no gloves)
MR       .....                  t - +1 pair of boots
Stlth    +.........             x - +5 amulet of reflection
Regen    0.3/turn               h - +3 ring of slaying
MPRegen  0.2/turn               u - +5 ring of strength

@: very slow
A: breathe steam, unfitting armour, clever 1, robust 1, evolution 1,
cold-blooded, AC +6
a: Breathe Steam, Bend Time, Renounce Religion


You were on level 6 of the Dungeon.
You worshipped Cheibriados.
Cheibriados was aware of your devotion.
You were not hungry.

You visited 2 branches of the dungeon, and saw 7 of its levels.

You collected 207 gold pieces.

Inventory:

Hand Weapons
 a - a +0 war axe
 w - a +1 battleaxe (weapon)
Missiles
 c - 3 throwing nets (quivered)
Armour
 b - a +0 hat (worn)
 e - a +0 buckler
 t - a +1 pair of boots (worn)
Jewellery
 h - a +3 ring of slaying (left hand)
 m - an uncursed amulet of rage {unknown}
 u - a +5 ring of strength (right hand)
 x - a +5 amulet of reflection (around neck)
 A - an uncursed ring of stealth {unknown}
 E - a +6 ring of dexterity {unknown}
Wands
 y - a wand of polymorph (18/24)
 B - a wand of paralysis (6/24)
 F - a wand of iceblast (6/15)
Scrolls
 f - 6 scrolls of remove curse
 n - 2 scrolls of blinking
 p - 3 scrolls of enchant armour
 q - a scroll of fear {unknown}
 v - 3 scrolls of identify
 D - a scroll of teleportation
Potions
 g - a potion of brilliance
 i - 3 potions of curing
 l - a potion of ambrosia {unknown}
 o - 3 potions of haste {unknown}
 r - a potion of might
 s - 2 potions of mutation
 z - a potion of degeneration {unknown}
Comestibles
 d - 2 bread rations
 j - 3 meat rations
 C - a royal jelly


   Skills:
 - Level 2.1 Fighting
 + Level 10.8 Axes
 - Level 1.7 Throwing
 - Level 2.6 Dodging


You had 7 spell levels left.
You didn't know any spells.

Dungeon Overview and Level Annotations

Branches:
Dungeon (6/15)             Temple (1/1) D:4

Altars:
Ashenzari
Cheibriados
Dithmenos
Elyvilon
Fedhas
Hepliaklqana
Kikubaaqudgha
Makhleb
Nemelex Xobeh
Okawaru
Qazlal
Ru
Sif Muna
Trog
Uskayaw
Vehumet
Xom
Zin
The Shining One

Annotations:
D:5 Sigmund


Innate Abilities, Weirdness & Mutations

You can breathe blasts of scalding, opaque steam.
Your pale cyan-grey scales are hard. (AC +6)
You cannot fit into any form of body armour.
You are cold-blooded and may be slowed by cold attacks.
Your mind is acute. (Int +2)
You are robust. (+10% HP)
You evolve.


Message History

F - a wand of iceblast (?/15)
Something hits you but does no damage.
Deactivating autopickup; reactivate with Ctrl-A.
No target in view!
No target in view!
You miss something. You tail-slap something. Something hits you.
Something hits you!
No target in view!
No target in view!
No target in view!
Something hits you!
Something hits you. x2; Something hits you!
You hit something. Something hits you.
You closely miss something. Something hits you! Something hits you!
* * * LOW HITPOINT WARNING * * *
Something hits you.
* * * LOW HITPOINT WARNING * * *
It was a potion of magic.
Magic courses through your body. Something hits you!
You die...

#..........# .#
#..........#.....# ..
###..........#.....# ...
....)........#.....#....
.....#######.......#..
.....###### #........
..........###......#
##........#........#
#........#.#..#@#..
#........#<...#.#.#
#........#....#.#.#
#.....####......#.#
#.....# #.....###.#####
#....†###.........#...#
##.................#.#.#
#..........##........#.##
...).......####.##......#


There were no monsters in sight!

Vanquished Creatures
  Menkaure (D:5)
  A water moccasin (D:6)
  An orc warrior (D:6)
  A sky beast (D:6)
  A phantom (D:4)
  2 ogres
  A bullfrog (D:6)
  A scorpion (D:4)
  A howler monkey (D:4)
  A crimson imp (D:5)
  A bullfrog zombie (D:6)
  A jelly (D:2)
  An orc priest (D:6)
  A gnoll shaman (D:4)
  Ijyb (D:4)
  5 orc wizards
  3 worker ants
  2 hound skeletons
  3 gnolls (D:3)
  5 adders
  A shadow imp (D:6)
  An ooze (D:4)
  An adder skeleton (D:4)
  2 worms
  3 dart slugs
  4 leopard geckos
  11 orcs
  7 giant cockroaches
  3 goblins
  7 hobgoblins
  14 jackals
  3 quokkas
  3 ball pythons
  3 frilled lizards
  5 kobolds
  A leopard gecko zombie (D:5)
  5 rats
108 creatures vanquished.

Vanquished Creatures (others)
  A rat (D:1)
1 creature vanquished.

Grand Total: 109 creatures vanquished

Notes
Turn   | Place    | Note
-------+----------+-------------------------------------------
     0 | D:1      | MTVSty1e the Draconian Gladiator began the quest for the Orb.
     0 | D:1      | Reached XP level 1. HP: 17/17 MP: 1/1
   190 | D:1      | Reached XP level 2. HP: 24/24 MP: 2/2
   516 | D:1      | Reached skill level 4 in Axes
   884 | D:2      | Reached XP level 3. HP: 29/29 MP: 3/3
  1010 | D:2      | Found an iron altar of Okawaru.
  1302 | D:3      | Reached skill level 5 in Axes
  1302 | D:3      | Reached XP level 4. HP: 36/36 MP: 4/4
  1654 | D:3      | Reached XP level 5. HP: 29/41 MP: 5/5
  1725 | D:3      | Reached skill level 6 in Axes
  2583 | D:4      | Noticed Ijyb
  2592 | D:4      | Paralysed by Ijyb for 7 turns
  2599 | D:4      | Killed Ijyb
  2810 | D:4      | Found a glowing silver altar of Zin.
  2869 | D:4      | Reached XP level 6. HP: 48/48 MP: 6/6
  2929 | D:4      | Reached skill level 7 in Axes
  3013 | D:4      | Found a blossoming altar of Fedhas.
  3078 | D:4      | Found a staircase to the Ecumenical Temple.
  3237 | Temple   | Entered the Ecumenical Temple
  3242 | Temple   | Became a worshipper of Cheibriados the Contemplative
  3461 | D:4      | Found a glowing golden altar of the Shining One.
  3471 | D:4      | Reached skill level 8 in Axes
  3471 | D:4      | Your scales start taking on a pale cyan-grey colour.
  3471 | D:4      | Reached XP level 7. HP: 55/55 MP: 7/7
  3851 | D:5      | Entered Level 5 of the Dungeon
  4122 | D:5      | Noticed Menkaure
  4131 | D:5      | Killed Menkaure
  4131 | D:5      | Reached skill level 9 in Axes
  4434 | D:5      | Noticed Sigmund
  4940 | D:6      | Reached XP level 8. HP: 61/61 MP: 8/8
  4995 | D:6      | Reached skill level 10 in Axes
  4998 | D:6      | Gained mutation: Your mind is acute. (Int +2) [mutagenic meat]
  4999 | D:6      | Gained mutation: You are robust. (+10% HP) [mutagenic meat]
  5000 | D:6      | Gained mutation: You evolve. [mutagenic meat]
  5406 | D:6      | Reached * piety under Cheibriados
  5688 | D:6      | Slain by an unseen horror

Skill      XL: |  1  2  3  4  5  6  7  8 |
---------------+-------------------------+-----
Axes           | 4 5 6 8 9 10 | 10.8
Fighting       | |  2.1
Throwing       | |  1.7
Dodging        | |  2.6

Action                   |  1- 3 |  4- 6 |  7- 9 || total
-------------------------+-------+-------+-------++-------
Melee: War axe           |    78 |   118 |    60 ||   256
       Tailslap          |     5 |    18 |    14 ||    37
       Battleaxe         |       |       |    18 ||    18
  Use: Scroll            |       |     9 |     2 ||    11
       Potion            |       |       |     3 ||     3
 Stab: Sleeping          |     1 |     1 |       ||     2
  Eat: Fruit             |     1 |       |     3 ||     4
       Meat ration       |       |     1 |     1 ||     2
       Chunk             |       |     2 |     3 ||     5
Armor: Skin              |    22 |    31 |    22 ||    75
Dodge: Dodged            |    47 |    58 |    28 ||   133
Block: Buckler           |     5 |    37 |    24 ||    66
       Reflection        |       |       |     4 ||     4
       Other             |       |       |     4 ||     4
